Map: Blackpink LE

Players

Revenger

  • Race: Terran Terran
  • League: Master
  • Spawn Location: 1:00

DerZerFetzer - Winner!

  • Race: Zerg Zerg
  • League: Master
  • Spawn Location: 7:00

VOD

Have the link to the VOD?

Description

6ling,3ravager,macro vs ghost opening

Time

  • Played on: Feb. 11, 2018, 7:48 p.m.
  • Length: 15:21
Show
View Real Time Build Order
Export as new Build Order

Revenger Terran 

Build Orders: MMM Bio 

Get SALT Encoding   

  12  0:01  SCV  
  13  0:13  SCV  
  14  0:17  Supply Depot  
  14  0:25  SCV  
  15  0:38  Refinery  
  15  0:39  SCV  
  16  0:44  Barracks  
  16  0:51  SCV  
  17  1:03  SCV  
  18  1:15  SCV  
  19  1:28  SCV  
  20  1:37  Barracks Tech Lab  
  20  1:38  Ghost Academy  
  20  1:40  Orbital Command  
  20  1:46  Supply Depot  
  20  1:59  Marauder  
  22  2:06  SCV  
  23  2:19  Supply Depot, SCV  
  24  2:26  Command Center  
  24  2:31  Ghost  
  24  2:35  SCV  
  25  3:16  Refinery  
  25  3:19  Barracks  
  25  3:20  Barracks  
  25  3:21  Barracks  
  24  3:29  Ghost  
  12  4:00  Supply Depot  
  9  4:24  Orbital Command  
  9  4:26  SCV  
  10  4:38  SCV  
  10  4:40  Marine  
  11  4:50  SCV  
  12  4:54  SCV  
  12  4:57  Marine  
  12  4:58  Barracks Tech Lab  
  14  5:03  SCV  
  14  5:06  SCV  
  16  5:15  SCV  
  16  5:19  SCV  
  18  5:22  Factory  
  18  5:27  SCV  
  19  5:31  Stimpack, SCV  
  20  5:37  Marine x2  
  20  5:39  SCV  
  23  5:43  SCV  
  23  5:49  Concussive Shells  
  24  5:51  SCV  
  24  5:54  Marine x2  
  24  5:55  SCV  
  28  6:03  SCV  
  29  6:06  Factory Tech Lab  
  29  6:08  Orbital Command  
  30  6:16  SCV  
  30  6:20  Marine x2  
  32  6:27  Starport  
  32  6:34  Factory Reactor  
  32  6:37  SCV x2  
  32  6:38  Marauder  
  36  6:40  Marine  
  36  6:43  Barracks  
  37  6:47  Barracks  
  37  6:49  SCV  
  38  6:58  Marine, SCV  
  38  7:00  Marauder  
  40  7:01  SCV  
  41  7:16  Marine, Combat Shields  
  41  7:17  SCV x2  
  41  7:21  Marine  
  45  7:25  Supply Depot  
  45  7:28  Medivac  
  45  7:29  SCV x2  
  49  7:32  Medivac  
  51  7:41  Engineering Bay, SCV  
  51  7:42  Barracks Reactor, SCV  
  53  7:44  Marine  
  53  7:46  Marine  
  53  7:49  Supply Depot  
  55  7:55  Supply Depot, Marine  
  55  7:56  Supply Depot, SCV  
  55  7:58  SCV  
  58  8:03  Widow Mine  
  60  8:11  Terran Infantry Weapons Level 1  
  60  8:22  Missile Turret  
  60  8:28  Missile Turret x2, Marine x3  
  60  8:29  Marauder  
  60  8:30  Missile Turret, Barracks Reactor  
  60  8:33  SCV x2  
  67  8:45  SCV x2  
  57  8:57  Siege Tank  
  57  8:58  Marauder, Marine x2  
  64  9:06  Marine x2  
  64  9:07  Marauder  
  68  9:12  Refinery  
  68  9:15  Marine x2  
  70  9:20  Marauder  
  72  9:25  Engineering Bay  
  72  9:29  Refinery  
  72  9:32  Marine x2  
  72  9:33  Marauder, SCV  
  77  9:42  Marine  
  77  9:43  Marine x2  
  80  9:48  Command Center  
  80  9:50  Medivac, Marine x2  
  84  9:54  SCV x2  
  86  10:02  Supply Depot x2  
  86  10:03  Supply Depot  
  86  10:05  Terran Infantry Armor Level 1  
  86  10:20  Marine  
  86  10:23  Marine x4, SCV x2  
  86  10:24  Marauder, Siege Tank  
  97  10:38  Marine  
  97  10:42  Marauder  
  91  10:45  Marauder  
  93  10:55  Marine x2  
  93  10:56  Marine x2  
  97  10:58  Siege Tank  
  97  11:03  Marauder  
  97  11:04  Factory  
  102  11:06  Marine  
  102  11:19  Armory  
  102  11:22  Engineering Bay, SCV  
  102  11:24  Planetary Fortress  
  98  11:35  Marauder x2, Marine x4  
  98  11:36  Widow Mine, SCV  
  98  11:39  SCV  
  110  11:48  SCV  
  110  11:49  Medivac x2  
  110  11:51  SCV  
  110  11:52  Marine x2  
  118  12:00  SCV  
  119  12:01  Refinery  
  119  12:03  SCV  
  119  12:05  Refinery  
  81  12:30  Marauder x2, Marine x4  
  81  12:32  Factory Reactor  
  89  12:37  Terran Infantry Weapons Level 2, Terran Infantry Armor Level 2  
  88  12:45  Hellion, Medivac  
  88  12:47  Marine x3  
  88  12:48  Marine  
  96  12:51  Marauder  
  96  12:52  Marauder  
  96  12:53  Unknown x3  
  98  13:06  Hellion  
  98  13:11  Marine x4  
  93  13:13  Hellion x2, Marauder x2  
  101  13:23  Barracks  
  101  13:27  Siege Tank  
  101  13:29  Marine x4  
  108  13:34  Marauder x2  
  112  13:47  Marine x2  
  114  13:52  Marine x2  
  116  13:56  Marauder x2  
  116  14:01  Hellion x2  
  124  14:05  Marine x2, Siege Tank  
  119  14:10  Marine x2  
  119  14:14  Supply Depot x2, Starport  
  119  14:15  Supply Depot  
  119  14:16  Barracks Tech Lab  
  119  14:17  Marauder, Marine  
  124  14:29  Widow Mine  
  124  14:31  Widow Mine  
  124  14:32  Marine  
  124  14:35  Marine x3, Ghost  
  132  14:38  Marauder  
  132  14:50  Marine  
  109  14:53  Marine  
  83  15:00  Marauder  
Show
View Real Time Build Order
Export as new Build Order

DerZerFetzer Zerg - Winner!

Build Orders: Pool First 

Get SALT Encoding   

  12  0:01  Drone  
  13  0:10  Drone  
  14  0:17  Extractor  
  14  0:18  Drone  
  14  0:33  Spawning Pool  
  14  0:35  Drone  
  14  0:44  Overlord  
  14  1:03  Drone  
  15  1:19  Zergling x2  
  15  1:20  Zergling x4  
  18  1:26  Roach Warren  
  18  1:30  Queen  
  19  1:38  Overlord  
  19  2:05  Roach x3  
  25  2:33  Ravager  
  25  2:34  Ravager x2  
  26  3:03  Drone x4  
  30  3:11  Overlord x2  
  29  3:49  Zergling x12  
  29  3:55  Hatchery  
  25  4:19  Drone x3  
  28  4:24  Drone x3  
  31  4:42  Hatchery  
  30  4:46  Drone x2  
  30  4:48  Queen  
  33  4:57  Drone  
  34  5:03  Baneling Nest  
  34  5:06  Drone  
  34  5:11  Overlord  
  34  5:16  Drone  
  34  5:17  Queen  
  34  5:19  Drone  
  34  5:20  Drone x3  
  41  5:23  Metabolic Boost  
  41  5:29  Drone  
  41  5:32  Drone  
  43  5:41  Drone x2  
  45  5:47  Overlord x2  
  45  5:56  Queen  
  47  5:58  Drone x4  
  47  6:00  Lair  
  51  6:04  Zergling x4  
  51  6:09  Queen  
  55  6:14  Overlord  
  55  6:15  Overlord  
  55  6:18  Extractor  
  54  6:19  Extractor  
  53  6:26  Drone x2  
  53  6:27  Drone x2  
  53  6:29  Drone, Evolution Chamber  
  53  6:31  Drone x2, Evolution Chamber  
  53  6:32  Drone  
  59  6:51  Zergling x2  
  59  6:52  Zergling x14  
  60  7:12  Zergling x2  
  60  7:13  Zergling x14  
  68  7:16  Zerg Ground Armor Level 1, Zerg Melee Weapons Level 1  
  68  7:20  Drone x7  
  75  7:29  Overseer  
  75  7:31  Zergling x2  
  75  7:32  Zergling x4  
  78  7:47  Zergling x2  
  78  7:48  Zergling x18  
  88  7:52  Baneling x8  
  88  7:53  Baneling x5  
  88  8:04  Zergling x4  
  90  8:06  Overlord x2  
  90  8:11  Overlord  
  90  8:12  Infestation Pit, Drone  
  90  8:22  Centrifical Hooks  
  90  8:24  Zergling x16  
  97  8:36  Zergling x2  
  97  8:37  Zergling x4  
  97  8:39  Baneling  
  97  8:40  Baneling x5  
  87  9:02  Hive  
  87  9:06  Drone x8  
  87  9:07  Drone x4  
  99  9:11  Zergling x14  
  106  9:22  Zerg Melee Weapons Level 2  
  106  9:26  Extractor  
  105  9:43  Overlord x5  
  105  9:44  Overlord  
  105  9:46  Zerg Ground Armor Level 2  
  105  9:52  Overlord x3, Extractor x2  
  103  9:53  Overlord x3  
  103  9:59  Drone x2  
  105  10:02  Drone  
  105  10:03  Drone x3  
  109  10:12  Zergling x10  
  109  10:13  Zergling x8  
  118  10:28  Hydralisk Den  
  118  10:33  Zergling x20  
  118  10:47  Ultralisk Cavern  
  117  10:50  Zergling x2  
  117  10:51  Spire, Zergling x14  
  117  10:54  Baneling  
  117  10:55  Baneling x5  
  124  11:05  Muscular Augments  
  122  11:19  Hydralisk x7  
  122  11:20  Hydralisk  
  138  11:30  Adrenal Glands  
  137  11:42  Overlord x4  
  137  11:44  Zerg Melee Weapons Level 3  
  137  11:51  Chitinous Plating  
  98  12:17  Grooved Spines  
  79  12:23  Hydralisk x8  
  79  12:24  Hydralisk x3, Zergling x2  
  79  12:25  Zergling x6  
  99  12:38  Ultralisk  
  99  12:40  Zergling x4  
  99  12:41  Zergling x4  
  107  12:45  Baneling x6  
  107  12:46  Baneling  
  107  12:48  Baneling  
  96  13:18  Ultralisk  
  102  13:20  Ultralisk  
  102  13:21  Zergling x14  
  102  13:22  Zergling x2  
  116  13:42  Hatchery  
  113  14:10  Drone x3  
  113  14:11  Drone  
  113  14:13  Drone x2  
  113  14:15  Drone  
  120  14:18  Hydralisk  
  120  14:19  Hydralisk x8  
  138  14:32  Baneling x5  
  138  14:33  Baneling x8  
  138  14:39  Baneling  
Tags
 
Composition
MMM Bio
Matchup
TvZ
Opening
Pool First
Spawn Locations
Cross Positions
Add a new tag
Caveats
  • Supply blocks, unpowered buildings, or Contaminate may cause inaccurate times.
  • Supply counts are checked every 10 seconds.